 Dungeon Crawl Stone Soup version 0.29-a0-319-gad05b8d819 (webtiles) character file.

Game seed: 7040878648676556022

32 kae the Firebug (level 3, 0/20 HPs)
             Began as a Tengu Fire Elementalist on Apr 1, 2022.
             Slain by a gnoll
             ... wielding a +0 flail
              (14 damage)
             ... on level 1 of the Dungeon.
             The game lasted 00:00:37 (1787 turns).

kae the Firebug (Tengu Fire Elementalist)           Turns: 1787, Time: 00:00:37

Health: 0/20       AC:  2    Str:  8    XL:     3   Next: 27%
Magic:  4/7        EV: 12    Int: 17    God:
Gold:   14         SH:  0    Dex: 14    Spells: 0/6 levels left

rFire   . . .      SeeInvis .   (no weapon)
rCold   . . .      Faith    .   (no shield)
rNeg    . . .      Spirit   .   a - +0 robe
rPois   .          Reflect  .   (helmet restricted)
rElec   .          Harm     .   (no cloak)
rCorr   .          Rampage  .   (no gloves)
Will    .....                   (boots unavailable)
Stlth   ++........              (no amulet)
HPRegen 0.06/turn               (no ring)
MPRegen 0.10/turn               (no ring)

@: no status effects
A: beak, talons 3
a: no special abilities


You were on level 1 of the Dungeon.
You visited 1 branch of the dungeon, and saw 2 of its levels.

You collected 14 gold pieces.

Inventory:

Armour
 a - a +0 robe (worn)
Scrolls
 d - a scroll of amnesia {unknown}
 e - a scroll of identify {unknown}
Potions
 b - a potion of magic
 c - a potion of mutation {unknown}


   Skills:
 + Level 0.5 Fighting
 + Level 1.0 Armour
 + Level 2.4 Dodging
 - Level 2.0 Stealth
 + Level 2.2 Spellcasting
 + Level 2.0 Conjurations
 * Level 3.7 Fire Magic


You couldn't memorise any spells.
You knew the following spells:

 Your Spells              Type           Power      Damage    Failure   Level
a - Foxfire               Conj/Fire      44%        2x1d6     6%          1
b - Scorch                Fire           28%        2d6       6%          2
c - Conjure Flame         Conj/Fire      11%        6-21      17%         3

Your spell library contained the following spells:

 Spells                   Type           Power      Damage    Failure   Level
 Inner Flame              Hex/Fire       8%         N/A       26%         3
 Ensorcelled Hibernation  Hex/Ice        2%         N/A       28%         2
 Gell's Gravitas          Tloc           1%         N/A       50%         3
 Lesser Beckoning         Tloc           1%         N/A       50%         3
 Spider Form              Tmut/Pois      1%         N/A       50%         3
 Teleport Other           Tloc           1%         N/A       50%         3
 Flame Wave               Conj/Fire      11%        2d5       50%         4
 Anguish                  Hex/Necr       0%         N/A       88%         4


Dungeon Overview and Level Annotations

Branches:
Dungeon (2/15)

Altars:

Shops:
D:1 [


Innate Abilities, Weirdness & Mutations

You have a beak for a mouth.
You have claws for feet.


Message History

Where to? (? - help)
There is an open door here.
You see here a +0 club.
There is a stone staircase leading down here.
You climb downwards.
There is a stone staircase leading up here.
There are monsters nearby!
Casting: Foxfire (safe; 6% risk of failure)
Confirm with . or Enter, or press ? or * to list all spells.
You conjure some foxfire!
The gnoll shouts! x2
The gnoll closely misses you.
Casting: Foxfire (safe; 6% risk of failure)
Confirm with . or Enter, or press ? or * to list all spells.
You conjure some foxfire!
The foxfire hits the gnoll.
The gnoll is lightly wounded.
Your foxfire dissipates!
The foxfire hits the gnoll.
The gnoll is lightly wounded.
The foxfire hits the gnoll.
The gnoll is moderately wounded.
Casting: Foxfire (safe; 6% risk of failure)
Confirm with . or Enter, or press ? or * to list all spells.
You conjure some foxfire!
The foxfire hits the gnoll.
The gnoll is moderately wounded.
The gnoll completely misses you. The gnoll hits you with a +0 flail!
The gnoll barely misses you.
Your foxfire dissipates!
You climb upwards.
There is a stone staircase leading down here.
Casting: Foxfire (safe; 6% risk of failure)
Confirm with . or Enter, or press ? or * to list all spells.
You conjure some foxfire!
The gnoll barely misses you.
The foxfire hits the gnoll.
The gnoll is heavily wounded.
The foxfire hits the gnoll.
The gnoll is severely wounded.
The gnoll hits you with a +0 flail!
Ouch! That really hurt!
You die...

#####################
#...†................
#.###################
###########.##............##
#..........................####
####.######.##.##########.....(
#.# ##.##g###########.###. #.#
#..##@................ #.#
#...#§##########..#.#. #.#
#§_§..............#.#. #.#
#§.§###########...#.#. #.#
##)## ####### #.#.#.#. #.# #.#
#.....# #.#.#.#. #.#
#.####....[###.#.#.#.
#.######..............#.#.#.
#...........................


You could see a gnoll.

Vanquished Creatures
  3 dart slugs (D:1)
  3 giant cockroaches (D:1)
  3 goblins (D:1)
  A hobgoblin (D:1)
  2 kobolds (D:1)
  2 quokkas (D:1)
  5 ball pythons (D:1)
  A bat (D:1)
  2 frilled lizards (D:1)
  4 rats (D:1)
26 creatures vanquished.

Vanquished Creatures (others)
  97 foxfires
97 creatures vanquished.

Grand Total: 123 creatures vanquished

Notes
Turn   | Place    | Note
-------+----------+-------------------------------------------
     0 | D:1      | kae the Tengu Fire Elementalist began the quest for the
                  | Orb.
     0 | D:1      | Reached XP level 1. HP: 10/10 MP: 4/4
   326 | D:1      | Reached XP level 2. HP: 15/15 MP: 3/6
   569 | D:1      | Found Daxuigh's Antique Armour Shoppe.
   900 | D:1      | Reached XP level 3. HP: 20/20 MP: 4/7
   903 | D:1      | Learned a level 2 spell: Scorch
   907 | D:1      | Learned a level 3 spell: Conjure Flame
  1188 | D:1      | Reached skill level 1 in Armour
  1257 | D:1      | Found a faded altar of an unknown god.
  1787 | D:1      | Slain by a gnoll

Illustrated notes

Levels and vault maps discovered:
D:1:      minmay_arrival_stair_chambers, layout_basic,
          ebering_ecumenical_altar_mist, serial_shops, shop, lemuel_flame_loot_1
D:2:      layout_loops_corners, serial_shops, shop

Skill      XL: |  1  2  3 |
---------------+----------+-----
Conjurations   | 2 |  2.0
Armour         | 1 |  1.0
Fighting       | |  0.5
Dodging        | |  2.4
Stealth        | |  2.0
Spellcasting   | |  2.2
Fire Magic     | |  3.7

Action                   || total
-------------------------++-------
Melee: Unarmed           ||     4
       Kick              ||     1
 Cast: Foxfire           ||    59
Armor: Robe              ||     5
Dodge: Dodged            ||     9

Table legend: (Time is in decaauts)
 A = Elapsed time spent in this place.
 B = Non-inter-level travel time spent in this place.
 C = Inter-level travel time spent in this place.
 D = Time resting spent in this place.
 E = Time spent auto-exploring this place.
 F = Levels seen in this place.
 G = Mean time per level.
                   A        B        C        D        E       F      G
               +--------+--------+--------+--------+--------+-----+--------+
         Total |   1787 |   1768 |     19 |      0 |   1588 |   2 |  893.5 |
       Dungeon |   1787 |   1768 |     19 |      0 |   1588 |   2 |  893.5 |
               +--------+--------+--------+--------+--------+-----+--------+

Top non-repeatable levels by time:
     D:1: 1779 daAuts
     D:2: 7 daAuts
